 Dungeon Crawl Stone Soup version 0.31-a0-1005-gfbdfbacc72 (webtiles) character file.

Game seed: 3960749600820629985

(classic levelgen) 20353 Amnesiac the Eclecticist (level 13, -12/75 HPs)
             Began as a Djinni Conjurer on Nov 11, 2023.
             Was an Elder of Ashenzari.
             Mangled by Rupert
             ... wielding a +1 great sword of holy wrath
              (24 damage)
             ... on level 1 of the Spider Nest.
             The game lasted 00:27:11 (11175 turns).

Amnesiac the Eclecticist (Djinni Conjurer)         Turns: 11175, Time: 00:27:12

Health: -12/75     AC:  7    Str: 12    XL:     13   Next: 11%
Gold:   677        EV: 13    Int: 30    God:    Ashenzari [****..] SH:  0 Dex: 12

rFire   + + .        a - +8 spear of the Cursed Comet {holy, Will+ Int+5, Fort, Self} (curse)
rCold   x . .        (no shield)
rNeg    . . .        h - +2 leather armour of the Cursed Pleiades {rPois, Melee, Cun} (curse)
rPois   ∞            J - +0 helmet "Bound Soothsayer" {Elem, Cun} (curse)
rElec   .            b - scarf of Ashenzari's Loss {shadows, Cun, Elem} (curse)
rCorr   .            w - +0 pair of gloves "Visionary Water Diviner" {Range, Comp} (curse)
SInv    +            (boots unavailable)
Will    ++...        (no amulet)
Stlth   ++           L - ring of the Ensconced God {Str+6, Alch, Elem} (curse)
HPRegen 0.32/turn    (no ring)
MPRegen 0.00/turn

%: clarity, infuse magic (-13 HP)
@: flying, invisible
A: sickness immunity, fire resistance 2, cold vulnerability 1, float, innate
caster, HP casting, extra vitality 1
a: Renounce Religion, Curse Item, Shatter the Chains


You were on level 1 of the Spider Nest.
You worshipped Ashenzari.
Ashenzari was greatly pleased with you.
You visited 4 branches of the dungeon, and saw 13 of its levels.

You collected 732 gold pieces.
You spent 55 gold pieces at shops.

Inventory:

Hand Weapons
 a - the cursed +8 spear of the Cursed Comet (weapon) {holy, Will+ Int+5, Fort, Self}
   (You found it on level 4 of the Dungeon)

   Int+5:     It affects your intelligence (+5).
   Will+:     It increases your willpower.
   It has a curse which improves the following skills: Fortitude: Armour and
   Shields.
   Introspection: Fighting and Spellcasting.
 E - the +5 falchion of Abomination {freeze, Will+ Int+3}
   (You found it on level 9 of the Dungeon)

   Int+3:     It affects your intelligence (+3).
   Will+:     It increases your willpower.
 F - the +8 trident of the Octopus King {venom, rElec rPois}
   (You found it on level 7 of the Dungeon)

   rElec:     It insulates you from electricity.
   rPois:     It protects you from poison
Missiles
 z - a curare-tipped dart
 H - 2 throwing nets
Armour
 b - the cursed scarf of Ashenzari's Loss (worn) {shadows, Cun, Elem}
   (You found it on level 6 of the Dungeon)

   It has a curse which improves the following skills: Cunning: Dodging and
   Stealth.
   Elements:  Fire Magic, Ice Magic, Air Magic and Earth Magic.
 h - the cursed +2 leather armour of the Cursed Pleiades (worn) {rPois, Melee, Cun}
   (You took it off an orc on level 4 of the Dungeon)

   It has a curse which improves the following skills: Melee Combat: Short
   Blades, Long Blades, Axes, Maces & Flails, Polearms, Staves and Unarmed
   Combat.
   Cunning:   Dodging and Stealth.
 w - the cursed +0 pair of gloves "Visionary Water Diviner" (worn) {Range, Comp}
   (You found it on level 6 of the Dungeon)

   It has a curse which improves the following skills: Ranged Combat: Ranged
   Weapons and Throwing.
   Companions: Summonings and Necromancy.
 J - the cursed +0 helmet "Bound Soothsayer" (worn) {Elem, Cun}
   (You found it on level 1 of the Lair of Beasts)

   It has a curse which improves the following skills: Elements: Fire Magic, Ice
   Magic, Air Magic and Earth Magic.
   Cunning:   Dodging and Stealth.
Jewellery
 L - the cursed ring of the Ensconced God (left hand) {Str+6, Alch, Elem}
   (You took it off a meliai on level 1 of the Spider Nest)

   [ring of strength]

   Str+6:     It affects your strength (+6).
   It has a curse which improves the following skills: Alchemy: Poison Magic and
   Transmutations.
   Elements:  Fire Magic, Ice Magic, Air Magic and Earth Magic.
Wands
 f - a wand of acid (17)
 k - a wand of charming (10)
 q - a wand of digging (9)
 r - a wand of flame (34)
Scrolls
 c - 3 scrolls of vulnerability {!r}
 d - 2 scrolls of fog {!r}
 e - a scroll of blinking {!r}
 i - 5 scrolls of teleportation {!r}
 j - a scroll of poison {!r}
 n - 2 scrolls of immolation {!r}
 o - 3 scrolls of fear {!r}
 p - 5 scrolls of enchant weapon {!r}
 u - 2 scrolls of amnesia {!r}
 y - 3 scrolls of torment {!r}
 A - 2 scrolls of revelation {!r}
 C - a scroll of noise {!r}
 D - 10 scrolls of identify {!r}
 G - a scroll of brand weapon {!r}
Potions
 g - 3 potions of enlightenment {!q}
 l - 3 potions of ambrosia {!q}
 m - 2 potions of haste {!q}
 s - a potion of heal wounds {!q}
 v - 3 potions of degeneration {!q}
 x - 2 potions of curing {!q}
 B - 2 potions of brilliance {!q}
 I - a potion of berserk rage {!q}
 K - a potion of might {!q}


   Skills:
 - Level 2.1(4.8) Dodging
 - Level 1.5(3.9) Stealth
 + Level 15.8(17.5) Spellcasting
 + Level 15.8 Conjurations
 + Level 15.8 Hexes
   Level 0.0 Charms
 + Level 15.8(17.5) Summonings
 + Level 15.8(17.5) Necromancy
 + Level 15.8 Translocations
 + Level 15.8(17.5) Transmutations
 + Level 15.8(19.2) Fire Magic
 + Level 15.8(19.2) Ice Magic
 + Level 15.8(19.2) Air Magic
 + Level 15.8(19.2) Earth Magic
 + Level 15.8(17.5) Poison Magic


You knew the following spells:

 Your Spells              Type           Power      Damage    Failure   Level
a - Sandblast             Erth           100%       2d20      0%          1
b - Iskenderun's Mystic   Conj/Tloc      88%        2d17      1%          4
c - Fulminant Prism       Conj/Hex       44%        3d19      1%          4
d - Dazzling Flash        Conj/Hex       100%       N/A       0%          3
e - Freezing Cloud        Conj/Ice/Air   47%        6-21      1%          5
f - Searing Ray           Conj           100%       2d8       0%          2
g - Scorch                Fire           100%       2d9       0%          2
h - Sticky Flame          Conj/Fire      93%        2d10      0%          4
i - Magic Dart            Conj           100%       1d8       0%          1
j - Iskenderun's Battles  Conj           88%        2d14      1%          5
v - Blink                 Tloc           100%       N/A       0%          2
Your spell library was empty.

Dungeon Overview and Level Annotations

Branches:
Dungeon (9/15)             Temple (1/1) D:7            Lair (2/5) D:9
 Shoals (0/4) Lair:2       Spider (1/4) Lair:2
    Orc: D:9-12

Altars:
Ashenzari
Cheibriados
Dithmenos
Elyvilon
Fedhas
Gozag
Hepliaklqana
Makhleb
Okawaru
Qazlal
Ru
Trog
Wu Jian
Xom
Yredelemnul
Zin
The Shining One

Shops:
D:6 *

Annotations:
Spider:1 Rupert


Innate Abilities, Weirdness & Mutations

You are immune to sickness and miasma.
You are immune to poison.
Your flesh is very heat resistant. (rF++)
You are vulnerable to cold. (rC-)
You float through the air rather than walking.
You learn spells naturally, not from books.
Your magical power is your life essence.
You have superior vitality. (+4 MHP)


Message History

You kill the wolf spider!
* * * LOW HITPOINT WARNING * * *
Rupert is engulfed in freezing vapours.
Rupert rages.
Rupert is engulfed in freezing vapours. x2
Okay, then.
Blink to where?
Press: ? - help, Dir - move target
As you read the scroll of blinking {!r}, it crumbles to dust.
Okay, then.
Unknown command.
Press: ? - help, v - describe, . - travel
Here: Rupert, wielding a +1 great sword of holy wrath and wearing a +0 scale mail (moderately wounded, berserk)
The floor.
Unknown command.
You fade into invisibility!
Rupert rages.
A redback comes into view.
Casting: Sandblast (safe; 0% risk of failure)
Confirm with . or Enter, or press ? or * to list all spells.
You blink.
* * * LOW HITPOINT WARNING * * *
You feel ready to blink again.
Casting: Blink (safe; 0% risk of failure)
Confirm with . or Enter, or press ? or * to list all spells.
Aiming: Freezing Cloud (safe; 1% risk of failure)
Press: ? - help, Dir - move target
* * * LOW HITPOINT WARNING * * *
The redback is engulfed in freezing vapours.
Rupert is engulfed in freezing vapours.
Casting: Freezing Cloud (safe; 1% risk of failure)
Confirm with . or Enter, or press ? or * to list all spells.
Aiming: Sandblast (safe; 0% risk of failure)
Press: ? - help, Shift-Dir - straight line The blast of sand hits the redback!!
You kill the redback!
* * * LOW HITPOINT WARNING * * *
Rupert is engulfed in freezing vapours.
Casting: Sandblast (safe; 0% risk of failure)
Confirm with . or Enter, or press ? or * to list all spells.
Aiming: Sandblast (safe; 0% risk of failure)
Press: ? - help, Shift-Dir - straight line, f - Rupert
Aim: Rupert, wielding a +1 great sword of holy wrath and wearing a +0 scale mail (freezing vapour, moderately wounded, unable to see you, slow, 87% to hit)
The blast of sand hits Rupert!
Rupert is heavily wounded.
* * * LOW HITPOINT WARNING * * *
Rupert looks more energetic.
Rupert is engulfed in freezing vapours.
Press: ? - help, v - describe, . - travel
Here: Rupert, wielding a +1 great sword of holy wrath and wearing a +0 scale mail (freezing vapour, heavily wounded, unable to see you)
The floor.
Unknown command.
Casting: Sandblast (safe; 0% risk of failure)
Confirm with . or Enter, or press ? or * to list all spells.
Aiming: Sandblast (safe; 0% risk of failure)
Press: ? - help, Shift-Dir - straight line, f/p - Rupert
Aim: Rupert, wielding a +1 great sword of holy wrath and wearing a +0 scale mail (freezing vapour, heavily wounded, unable to see you, 87% to hit)
The blast of sand hits Rupert!
Rupert is severely wounded.
* * * LOW HITPOINT WARNING * * *
The redback is engulfed in freezing vapours.
Rupert is engulfed in freezing vapours. x2
Rupert hits you with a +1 great sword of holy wrath!!
You die...
Rupert roars with triumph.

...,,..............s..##.........
....,,*#...............#.........
#...#####..............#.........
.#.....#.......s......#.##.......
............s........##.##.......
.........#.§§.§...####*.##.......
......@.##.§§§§#### #..^#.......
.........####§§@######.....##.#..
........##...###@..##^...........
........####.......#.#........###
.....#####...........#..........#
####.# #............#..^.......
###.#######.......[..............
....@##.###...........##.........
...#..................###........
....^###..........###.#*###.^....
....###....##.....# #..# ###....


You could see Rupert (unable to see you) and a redback (wandering, unable to see
you).

Vanquished Creatures
  Donald (Spider:1)
  A spark wasp (Spider:1)
  2 two-headed ogres (D:9)
  5 wolf spiders (Spider:1)
  A cyclops (D:9)
  An ice statue (D:9)
  A black mamba (Lair:1)
  A merfolk siren (Lair:2)
  A cane toad (Lair:2)
  A rime drake (Lair:2)
  3 komodo dragons
  A queen bee (Lair:1)
  3 meliai (Spider:1)
  4 tarantellas (Spider:1)
  10 jumping spiders
  6 culicivoras (Spider:1)
  13 yaks
  2 basilisks (D:9)
  2 wyverns
  9 redbacks (Spider:1)
  A steam dragon (D:6)
  7 water moccasins
  An ice beast (D:8)
  3 orc warriors
  2 black bears
  2 sky beasts
  5 centaurs
  A kobold brigand (D:7)
  A phantom (D:4)
  8 bullfrogs
  A gnoll sergeant (D:8)
  3 scorpions
  3 wights (D:8)
  21 killer bees
  An electric eel (D:7)
  A crimson imp (D:5)
  4 hounds
  7 orc priests
  An iron imp (D:4)
  2 jellies
  An iguana (D:6)
  A sleepcap (D:6)
  16 orc wizards
  7 gnolls
  3 adders
  2 white imps
  4 ufetubi (D:6)
  A worm (D:2)
  2 dart slugs
  57 orcs
  5 bats
  2 endoplasms (D:4)
  4 giant cockroaches
  4 goblins
  5 hobgoblins
  4 quokkas
  8 ball pythons
  3 frilled lizards
  9 kobolds
  4 rats
285 creatures vanquished.

Vanquished Creatures (others)
  16 fulminant prisms
16 creatures vanquished.

Grand Total: 301 creatures vanquished

Notes
Turn   | Place    | Note
-------+----------+-------------------------------------------
     0 | D:1      | Amnesiac the Djinni Conjurer began the quest for the Orb.
     0 | D:1      | Amnesiac set off with the following spells memorised: Magic
                  | Dart, Searing Ray, Dazzling Flash, Fulminant Prism,
                  | Iskenderun's Mystic Blast.
     0 | D:1      | Reached XP level 1. HP: 15/15 MP: 0/0
    57 | D:2      | Identified the of Vasio
   146 | D:2      | Reached XP level 2. HP: 16/21 MP: 0/0
   304 | D:3      | Reached XP level 3. HP: 11/25 MP: 0/0
   304 | D:3      | Learned a level 1 spell: Sandblast
   420 | D:4      | Reached XP level 4. HP: 7/31 MP: 0/0
   594 | D:4      | Identified the +8 spear of Koso {holy, Will+ Int+5}
   657 | D:4      | Found a snail-covered altar of Cheibriados.
   663 | D:4      | Reached XP level 5. HP: 29/35 MP: 0/0
   663 | D:4      | Learned a level 2 spell: Scorch
   816 | D:4      | Noticed a phantom
   823 | D:4      | Killed a phantom
   824 | D:4      | Reached skill level 5 in Spellcasting
   824 | D:4      | Reached skill level 5 in Conjurations
   824 | D:4      | Reached skill level 5 in Hexes
   824 | D:4      | Reached skill level 5 in Summonings
   824 | D:4      | Reached skill level 5 in Necromancy
   824 | D:4      | Reached skill level 5 in Translocations
   824 | D:4      | Reached skill level 5 in Transmutations
   824 | D:4      | Reached skill level 5 in Fire Magic
   824 | D:4      | Reached skill level 5 in Ice Magic
   824 | D:4      | Reached skill level 5 in Air Magic
   824 | D:4      | Reached skill level 5 in Earth Magic
   824 | D:4      | Reached skill level 5 in Poison Magic
   870 | D:5      | Entered Level 5 of the Dungeon
   879 | D:4      | Reached XP level 6. HP: 28/40 MP: 0/0
  1440 | D:4      | Noticed a black bear
  1449 | D:4      | Killed a black bear
  1450 | D:4      | Reached XP level 7. HP: 24/45 MP: 0/0
  1450 | D:4      | Learned a level 2 spell: Blink
  1918 | D:5      | Found a hazy altar of Hepliaklqana.
  2254 | D:6      | Reached XP level 8. HP: 46/50 MP: 0/0
  2675 | D:6      | Found a runed translucent door.
  2868 | D:6      | Found a runed translucent door.
  2868 | D:6      | Found a runed translucent gate.
  2868 | D:6      | Found a runed translucent gate.
  2872 | D:6      | Reached XP level 9. HP: 53/55 MP: 0/0
  2872 | D:6      | Learned a level 4 spell: Sticky Flame
  2872 | D:6      | Found a runed translucent gate.
  2873 | D:6      | Found a runed translucent door.
  3174 | D:6      | Found Hoarphaf's General Store.
  3183 | D:6      | Bought a potion of heal wounds for 55 gold pieces
  3458 | D:7      | Found a staircase to the Ecumenical Temple.
  3467 | Temple   | Entered the Ecumenical Temple
  3474 | Temple   | Became a worshipper of Ashenzari the Shackled
  4158 | D:2      | Found a faded altar of an unknown god.
  4636 | D:3      | Found an ornate altar of the Wu Jian Council.
  4896 | D:3      | Reached * piety under Ashenzari
  5076 | D:7      | Found the +8 trident of the Octopus King {venom, rElec
                  | rPois}
  5546 | D:7      | Found a stormy altar of Qazlal.
  5707 | D:8      | Reached skill level 10 in Spellcasting
  5707 | D:8      | Reached skill level 10 in Conjurations
  5707 | D:8      | Reached skill level 10 in Hexes
  5707 | D:8      | Reached skill level 10 in Summonings
  5707 | D:8      | Reached skill level 10 in Necromancy
  5707 | D:8      | Reached skill level 10 in Translocations
  5707 | D:8      | Reached skill level 10 in Transmutations
  5707 | D:8      | Reached skill level 10 in Fire Magic
  5707 | D:8      | Reached skill level 10 in Ice Magic
  5707 | D:8      | Reached skill level 10 in Air Magic
  5707 | D:8      | Reached skill level 10 in Earth Magic
  5707 | D:8      | Reached skill level 10 in Poison Magic
  5711 | D:8      | Reached ** piety under Ashenzari
  5945 | D:8      | Reached XP level 10. HP: 54/60 MP: 0/0
  6450 | D:8      | Found a glowing silver altar of Zin.
  6453 | D:8      | Found a glowing golden altar of the Shining One.
  6454 | D:8      | Found a white marble altar of Elyvilon.
  6598 | D:8      | Reached *** piety under Ashenzari
  6892 | D:9      | Noticed an ice statue
  6914 | D:9      | Killed an ice statue
  6919 | D:9      | Noticed a cyclops
  6936 | D:9      | Killed a cyclops
  7075 | D:9      | Noticed a two-headed ogre
  7080 | D:9      | Killed a two-headed ogre
  7081 | D:9      | Reached XP level 11. HP: 59/65 MP: 0/0
  7081 | D:9      | Learned a level 5 spell: Freezing Cloud
  7316 | D:9      | Found a staircase to the Lair.
  7381 | D:9      | Identified the +5 falchion of Abomination {freeze, Will+
                  | Int+3}
  7650 | D:9      | Noticed a two-headed ogre
  7653 | D:9      | Killed a two-headed ogre
  7966 | Lair:1   | Entered Level 1 of the Lair of Beasts
  9345 | Lair:2   | Reached XP level 12. HP: 54/70 MP: 0/0
  9661 | Lair:2   | Found a staircase to the Shoals.
  9838 | Lair:2   | Found a hole to the Spider Nest.
  9855 | Spider:1 | Entered Level 1 of the Spider Nest
  9873 | Spider:1 | Noticed a spark wasp
  9879 | Spider:1 | Killed a spark wasp
 10211 | Spider:1 | Noticed Donald
 10219 | Spider:1 | Killed Donald
 10220 | Spider:1 | Reached skill level 15 in Spellcasting
 10220 | Spider:1 | Reached skill level 15 in Conjurations
 10220 | Spider:1 | Reached skill level 15 in Hexes
 10220 | Spider:1 | Reached skill level 15 in Summonings
 10220 | Spider:1 | Reached skill level 15 in Necromancy
 10220 | Spider:1 | Reached skill level 15 in Translocations
 10220 | Spider:1 | Reached skill level 15 in Transmutations
 10220 | Spider:1 | Reached skill level 15 in Fire Magic
 10220 | Spider:1 | Reached skill level 15 in Ice Magic
 10220 | Spider:1 | Reached skill level 15 in Air Magic
 10220 | Spider:1 | Reached skill level 15 in Earth Magic
 10220 | Spider:1 | Reached skill level 15 in Poison Magic
 10406 | Spider:1 | Reached **** piety under Ashenzari
 10674 | Spider:1 | Reached XP level 13. HP: 58/75 MP: 0/0
 10674 | Spider:1 | Learned a level 5 spell: Iskenderun's Battlesphere
 10812 | Spider:1 | Noticed Rupert
 11175 | Spider:1 | Mangled by Rupert

Illustrated notes

Levels and vault maps discovered:
D:1:      minmay_arrival_jagged, layout_basic
D:2:      layout_basic, shapermc_ecumenical_altar_rom_forum
D:3:      layout_loops_ring, mainiacjoe_overflow_tiny_flanked
D:4:      layout_loops_ring, slow_altar_2
D:5:      layout_cave_pools, nzn_hepliaklqana_mist_gate, minmay_fire_ice_demons
D:6:      layout_loops_ring, serial_shops, shop_fountains,
          lightli_church_of_beogh
D:7:      layout_rooms, nicolae_qazlal_beasts_of_the_sky, temple_fountains,
          hangedman_decor_push, nrook_pool_corridor, st_stairs_13
D:8:      layout_gridville, good_gods_temple_1
D:9:      layout_layer_cave, david_lair_generic, minmay_statue_bubble
Temple:   nicolae_temple_x_marks_the_god
Lair:1:   layout_long_grid, special_room [special_room_bee],
          serial_bayou_shore_b
Lair:2:   layout_regular_city, minmay_shoals_entry_lonely_mermaid,
          spider_nest_entry_a, infiniplex_staircase_pool
Spider:1: layout_chambers, nicolae_spider_webs_and_nodes, uniq_donald,
          uniq_rupert, uniq_mlioglotl

Skill      XL: |  1  2  3  4  5  6  7  8  9 10 11 12 |
---------------+-------------------------------------+-----
Spellcasting   | 4 5 6 7 8 10 12 13 15 | 15.8
Conjurations   | 4 5 6 7 8 10 12 13 15 | 15.8
Hexes          | 4 5 6 7 8 10 12 13 15 | 15.8
Summonings     | 4 5 6 7 8 10 12 13 15 | 15.8
Necromancy     | 4 5 6 7 8 10 12 13 15 | 15.8
Translocations | 4 5 6 7 8 10 12 13 15 | 15.8
Transmutations | 4 5 6 7 8 10 12 13 15 | 15.8
Fire Magic     | 4 5 6 7 8 10 12 13 15 | 15.8
Ice Magic      | 4 5 6 7 8 10 12 13 15 | 15.8
Air Magic      | 4 5 6 7 8 10 12 13 15 | 15.8
Earth Magic    | 4 5 6 7 8 10 12 13 15 | 15.8
Poison Magic   | 4 5 6 7 8 10 12 13 15 | 15.8
Dodging        | |  2.1
Stealth        | |  1.5

Action                     |  1- 3 |  4- 6 |  7- 9 | 10-12 | 13-15 || total
---------------------------+-------+-------+-------+-------+-------++-------
  Melee: Spear             |       |    15 |    12 |       |       ||    27
   Cast: Magic Dart        |    28 |    20 |    23 |     2 |       ||    73
         Searing Ray       |     4 |    16 |     1 |       |       ||    21
         Sandblast         |     1 |     2 |    75 |   119 |     7 ||   204
         Iskenderun's Myst |       |     3 |    43 |    26 |     7 ||    79
         Fulminant Prism   |       |       |     4 |    12 |       ||    16
         Scorch            |       |       |     8 |       |       ||     8
         Blink             |       |       |       |     1 |     2 ||     3
         Freezing Cloud    |       |       |       |    43 |     6 ||    49
 Invoke: Curse Item        |       |       |     3 |     3 |       ||     6
    Use: Scroll            |       |       |       |       |     2 ||     2
         Potion            |       |       |       |       |     2 ||     2
   Stab: Sleeping          |       |       |     1 |       |       ||     1
 Armour: Robe              |     8 |    10 |    20 |       |       ||    38
         Leather armour    |       |       |    17 |    36 |    10 ||    63
  Dodge: Dodged            |     3 |    10 |    40 |    36 |     5 ||    94

Table legend: (Time is in decaauts)
 A = Elapsed time spent in this place.
 B = Non-inter-level travel time spent in this place.
 C = Inter-level travel time spent in this place.
 D = Time resting spent in this place.
 E = Time spent auto-exploring this place.
 F = Levels seen in this place.
 G = Mean time per level.
                   A        B        C        D        E       F      G
               +--------+--------+--------+--------+--------+-----+--------+
         Total |  11280 |  10901 |    379 |   2395 |   6562 |  13 |  867.7 |
       Dungeon |   8024 |   7690 |    334 |   1325 |   4902 |   9 |  891.6 |
        Temple |     14 |      7 |      7 |      0 |      0 |   1 |   14.0 |
          Lair |   1905 |   1868 |     37 |    324 |   1357 |   2 |  952.5 |
   Spider Nest |   1336 |   1336 |      0 |    746 |    303 |   1 | 1336.0 |
               +--------+--------+--------+--------+--------+-----+--------+

Top non-repeatable levels by time:
Spider:1: 1336 daAuts
     D:6: 1224 daAuts
     D:9: 1211 daAuts
  Lair:1: 1155 daAuts
     D:4: 1118 daAuts
     D:8: 961 daAuts
     D:7: 804 daAuts
     D:5: 753 daAuts
  Lair:2: 749 daAuts
     D:2: 740 daAuts
     D:3: 614 daAuts
     D:1: 595 daAuts
  Temple: 14 daAuts
